[Event "Titled Tuesday Blitz August 1 Early 2023"]
[White "Gauravthegm"]
[Black "Stepanencu, Nicodim-Cosmin"]
[BlackFideId "1256220"]
[WhiteElo "2337"]
[BlackElo "2627"]
[Result "1-0"]
[Round "1"]
[TimeControl "180+1"]
[Date "2023.08.01"]
[WhiteClock "0:00:46"]
[BlackClock "0:00:00"]
[Board "155"]

1. e4 Nf6 2. Nc3 d6 3. d4 g6 4. Nf3 Bg7 5. Be2 O-O 6. O-O Nc6 7. h3 a6 8. Be3 h6 9. Qd2 Kh7 10. Rad1 e6 11. Qc1 Qe7 12. a3 b5 13. b4 Bb7 14. e5 Nd5 15. Ne4 dxe5 16. dxe5 Nxe5 17. Bc5 Nxf3+ 18. Bxf3 Qh4 19. Bxf8 Rxf8 20. Nc5 Ba8 21. Rfe1 Nc3 22. Rd3 Bd4 23. Qd2 e5 24. Bxa8 Rxa8 25. Rxc3 a5 26. Rf3 f5 27. Ne6 1-0


[Site "https://www.chess.com"]

[Event "Titled Tuesday Blitz August 1 Early 2023"]
[White "Ovetchkin, Roman"]
[Black "Gueci, Tea"]
[WhiteFideId "4119991"]
[BlackFideId "872342"]
[WhiteElo "2626"]
[BlackElo "2337"]
[Result "1-0"]
[Round "1"]
[TimeControl "180+1"]
[Date "2023.08.01"]
[WhiteClock "0:00:11"]
[BlackClock "0:00:08"]
[Board "156"]

1. d4 d5 2. c4 c6 3. Nf3 Nf6 4. Qc2 e6 5. Nbd2 Nbd7 6. g3 Bd6 7. Bg2 O-O 8. O-O e5 9. cxd5 cxd5 10. dxe5 Nxe5 11. Nxe5 Bxe5 12. Nf3 Bd6 13. Rd1 h6 14. Be3 Be6 15. Bd4 Ne4 16. Nd2 Rc8 17. Qa4 Nxd2 18. Rxd2 a6 19. Rad1 Rc4 20. Qb3 Qc8 21. e3 b5 22. Qd3 Bb4 23. Re2 Rc1 24. f3 Qc4 25. Kf2 Rc8 26. Qxc4 R8xc4 27. Rxc1 Rxc1 28. a3 Bd6 29. Rd2 a5 30. Bf1 b4 31. a4 b3 32. Bb5 Bb4 33. Re2 Rc2 34. Bd3 Rc1 35. Bb5 Kf8 36. g4 Ke7 37. h3 Bd7 38. Bxd7 Kxd7 39. Bxg7 Rc2 40. h4 Bd6 41. h5 Bg3+ 42. Kf1 Rc1+ 43. Kg2 Rc2 44. Kf1 Rc1+ 45. Kg2 Rc2 46. Kxg3 Rxe2 47. g5 hxg5 48. h6 Re1 49. h7 Rh1 50. h8=Q Rxh8 51. Bxh8 Ke6 52. Bc3 f5 53. Bxa5 d4 54. exd4 Kd5 55. Bc3 Kc4 56. a5 Kb5 57. Kf2 Ka6 58. d5 Kb5 59. d6 Kc6 60. a6 Kxd6 61. a7 1-0


[Site "https://www.chess.com"]

[Event "Titled Tuesday Blitz August 1 Early 2023"]
[White "Haraguchi, Diego Sashaki"]
[Black "Belov, Alexei"]
[WhiteFideId "22729925"]
[BlackFideId "4128206"]
[WhiteElo "2336"]
[BlackElo "2620"]
[Result "1/2-1/2"]
[Round "1"]
[TimeControl "180+1"]
[Date "2023.08.01"]
[WhiteClock "0:00:16"]
[BlackClock "0:00:03"]
[Board "157"]

1. d4 d5 2. Nf3 e6 3. g3 Nf6 4. Bg2 Be7 5. O-O O-O 6. c4 dxc4 7. Qc2 a6 8. a4 Bd7 9. Qxc4 Bc6 10. Nc3 b5 11. Qb3 b4 12. Na2 Bd5 13. Qd3 c5 14. dxc5 Bxc5 15. Bg5 Nbd7 16. Rfd1 Qb6 17. e3 Qb7 18. Bxf6 Nxf6 19. Nh4 Rfd8 20. Bxd5 Rxd5 21. Qe2 Ne4 22. Qc4 Rad8 23. Rxd5 Qxd5 24. Qxd5 Rxd5 25. Nf3 g5 26. h3 h5 27. g4 hxg4 28. hxg4 Nd2 29. Nxd2 Rxd2 30. Rc1 Bf8 31. Rb1 a5 32. Kf1 Bg7 33. Nc1 Bxb2 34. Nb3 Rc2 35. Nxa5 Kf8 36. Nc6 b3 37. Kg2 Rxc6 38. Rxb2 Rc4 39. a5 Rxg4+ 40. Kf3 Ra4 41. Rxb3 Rxa5 42. Rb7 Kg7 43. Kg3 Kg6 44. e4 Ra4 45. f3 f6 46. Re7 e5 47. Re6 Ra1 48. Rc6 Rg1+ 49. Kf2 Rh1 50. Kg2 Rh4 51. Kg3 Rf4 52. Ra6 g4 53. fxg4 Kg5 54. Ra4 Rxg4+ 55. Kf3 Rf4+ 56. Ke3 Kg4 57. Ra8 Rf3+ 58. Ke2 Rh3 59. Rf8 Rh6 60. Ke3 Rh3+ 61. Ke2 Rh2+ 62. Ke3 Rh3+ 63. Ke2 1/2-1/2


[Site "https://www.chess.com"]

[Event "Titled Tuesday Blitz August 1 Early 2023"]
[White "Nasir, Zehn"]
[Black "Maung, Maung Kyaw Zaw Hein"]
[WhiteFideId "2613239"]
[BlackFideId "13001698"]
[WhiteElo "2620"]
[BlackElo "2336"]
[Result "1-0"]
[Round "1"]
[TimeControl "180+1"]
[Date "2023.08.01"]
[WhiteClock "0:00:14"]
[BlackClock "0:00:04"]
[Board "158"]

1. d4 d5 2. Bf4 Nf6 3. e3 c6 4. Bd3 Bg4 5. Nf3 e6 6. c3 Bd6 7. Bg3 O-O 8. Nbd2 Qe7 9. Qc2 Nbd7 10. Ne5 Bh5 11. f4 c5 12. Bh4 Bg6 13. Nxg6 hxg6 14. Nf3 c4 15. Be2 b5 16. a3 a5 17. Ne5 Rfc8 18. O-O Qd8 19. g4 Qc7 20. Bf3 b4 21. axb4 axb4 22. Nxd7 Qxd7 23. f5 b3 24. Qg2 Ra2 25. Rab1 Re8 26. fxg6 fxg6 27. e4 dxe4 28. Bxe4 Nxe4 29. Qxe4 Kh7 30. Rf2 e5 31. Rbf1 exd4 32. Qxd4 Ra5 33. Rf7 Qxf7 34. Rxf7 Bc5 35. Rxg7+ Kh8 36. Bf6 Bxd4+ 37. Bxd4 Raa8 38. Rxg6+ Kh7 39. Rg7+ Kh6 40. Kf2 Ra2 41. g5+ Kh5 42. h4 Rxb2+ 43. Kg3 Rbe2 44. Rh7+ Kg6 45. Rh6+ Kf7 46. Rf6+ Ke7 47. Rb6 b2 48. g6 Kd7 49. g7 Kc7 50. Rb4 Kd6 51. h5 R2e6 52. Rxb2 Rh6 53. Rb6+ Kd5 54. Rxh6 1-0


[Site "https://www.chess.com"]

[Event "Titled Tuesday Blitz August 1 Early 2023"]
[White "Nithyalakshmi, Sivanesan"]
[Black "Radzhabov, Rodion"]
[WhiteFideId "5706955"]
[BlackFideId "884715"]
[WhiteElo "2335"]
[BlackElo "2619"]
[Result "0-1"]
[Round "1"]
[TimeControl "180+1"]
[Date "2023.08.01"]
[WhiteClock "0:00:06"]
[BlackClock "0:00:10"]
[Board "159"]

1. e4 c5 2. Nc3 Nc6 3. f4 g6 4. Nf3 Bg7 5. Bc4 e6 6. d3 Nge7 7. O-O O-O 8. Qe1 d5 9. Bb3 Nd4 10. f5 Nxb3 11. axb3 exf5 12. Qh4 fxe4 13. dxe4 dxe4 14. Ng5 h6 15. Ngxe4 Nf5 16. Qf4 Qd4+ 17. Kh1 b6 18. Rd1 Qe5 19. Qf2 Bb7 20. Bf4 Qe6 21. Re1 Qc6 22. Rad1 Rad8 23. Ng3 Rxd1 24. Rxd1 Nd4 25. Nce4 Re8 26. Nd6 Re7 27. Nxb7 Qxb7 28. h3 Kh7 29. b4 Qc6 30. c3 Ne6 31. Bc1 cxb4 32. cxb4 Rd7 33. Rxd7 Qxd7 34. Ne4 f5 35. Nd2 Qd4 36. Qxd4 Nxd4 37. Nc4 b5 38. Nd6 a6 39. Nb7 Nc6 40. Nc5 Nxb4 41. Bd2 Nc6 42. Nxa6 Bxb2 43. Kg1 Ba3 44. Kf1 b4 45. Ke2 b3 46. Bc3 b2 47. Bxb2 Bxb2 48. Nc5 Bd4 49. Nd3 Kg7 50. Kf3 Kf6 51. Nf4 Ne5+ 52. Kg3 g5 53. Nd5+ Ke6 54. Nb4 f4+ 55. Kh2 h5 56. Nc2 Bc5 57. Ne1 g4 58. hxg4 hxg4 59. Nc2 Kf5 60. Ne1 Ke4 61. Kh1 g3 62. Nf3 Nxf3 63. gxf3+ Ke3 64. Kg1 Kxf3+ 65. Kh1 g2+ 66. Kh2 g1=Q+ 67. Kh3 Qg3# 0-1


[Site "https://www.chess.com"]

[Event "Titled Tuesday Blitz August 1 Early 2023"]
[White "Vantika Agrawal"]
[Black "Hercegovac, Neven"]
[WhiteFideId "25050389"]
[BlackFideId "2839135"]
[WhiteElo "2619"]
[BlackElo "2335"]
[Result "1-0"]
[Round "1"]
[TimeControl "180+1"]
[Date "2023.08.01"]
[WhiteClock "0:00:28"]
[BlackClock "0:00:52"]
[Board "160"]

1. e4 e6 2. d4 d5 3. Nc3 Nf6 4. e5 Nfd7 5. f4 c5 6. Nf3 Nc6 7. Be3 cxd4 8. Nxd4 Qb6 9. Qd2 Qxb2 10. Rb1 Qa3 11. Bb5 Nxd4 12. Bxd4 a6 13. Bxd7+ Bxd7 14. Rb3 Qe7 15. Rxb7 Rc8 16. O-O Qd8 17. Rfb1 Bc5 18. Bxc5 Rxc5 19. Ne2 Bb5 20. Nd4 Bc4 21. Rb8 Rc8 22. Nc6 Rxc6 23. Rxd8+ Kxd8 24. Rb8+ Rc8 25. Qa5+ Kd7 26. Rb7+ Ke8 27. Qb6 Kf8 28. Qd6+ Kg8 29. Rb8 1-0


[Site "https://www.chess.com"]

[Event "Titled Tuesday Blitz August 1 Early 2023"]
[White "Prydun, Andriy"]
[Black "brm72"]
[WhiteFideId "14145898"]
[WhiteElo "2332"]
[BlackElo "2619"]
[Result "1-0"]
[Round "1"]
[TimeControl "180+1"]
[Date "2023.08.01"]
[WhiteClock "0:00:06"]
[BlackClock "0:00:05"]
[Board "161"]

1. e4 c6 2. d4 d5 3. e5 c5 4. b4 cxd4 5. Qxd4 Nc6 6. Qb2 a6 7. a4 e6 8. b5 Na5 9. Nf3 Bc5 10. Bd3 Ne7 11. O-O O-O 12. Be3 Bxe3 13. fxe3 Nc4 14. Bxc4 dxc4 15. Nbd2 Nd5 16. Nxc4 Qc7 17. Qb3 axb5 18. axb5 Bd7 19. Rxa8 Rxa8 20. Ng5 Qc5 21. Qd3 g6 22. Rxf7 Bxb5 23. Rxh7 Ra1+ 24. Kf2 Qf8+ 25. Kg3 Qf5 26. Qxf5 exf5 27. Nd6 Bc6 28. Rf7 Nxe3 29. Rf6 Nxg2 30. Rxg6+ Kf8 31. Rf6+ Ke7 32. Rf7+ Kd8 33. Ne6# 1-0


[Site "https://www.chess.com"]

[Event "Titled Tuesday Blitz August 1 Early 2023"]
[White "Mamedov, Edgar"]
[Black "Vemparala, Nikash"]
[WhiteFideId "13739980"]
[BlackFideId "30960967"]
[WhiteElo "2618"]
[BlackElo "2331"]
[Result "1-0"]
[Round "1"]
[TimeControl "180+1"]
[Date "2023.08.01"]
[WhiteClock "0:01:24"]
[BlackClock "0:02:12"]
[Board "162"]

1. d4 Nf6 2. c4 e6 3. Nc3 b6 4. e4 Bb7 5. e5 Ne4 6. Nxe4 Bxe4 7. Nf3 c5 8. Bd3 Bxd3 9. Qxd3 cxd4 10. O-O Nc6 11. a3 d6 12. Qe4 Nxe5 13. Nxe5 dxe5 14. Qc6+ Ke7 15. Qb7+ Kf6 16. f4 e4 17. Qxe4 Bd6 18. f5 e5 19. Qh4+ g5 20. Qxg5# 1-0


[Site "https://www.chess.com"]

[Event "Titled Tuesday Blitz August 1 Early 2023"]
[White "Nosacheva, Mariya"]
[Black "Guerra Tulcan, Lenin"]
[WhiteFideId "34111422"]
[BlackFideId "3601382"]
[WhiteElo "2329"]
[BlackElo "2618"]
[Result "0-1"]
[Round "1"]
[TimeControl "180+1"]
[Date "2023.08.01"]
[WhiteClock "0:02:45"]
[BlackClock "0:02:59"]
[Board "163"]

1. e4 c5 2. Nf3 e6 3. d4 cxd4 4. Nxd4 Nc6 5. Nb5 Nf6 6. N1c3 Bb4 7. a3 Bxc3+ 8. Nxc3 d5 9. exd5 exd5 10. Nxd5 Qxd5 0-1


[Site "https://www.chess.com"]

[Event "Titled Tuesday Blitz August 1 Early 2023"]
[White "Pham, Le Thao Nguyen"]
[Black "Acikel, Mert"]
[WhiteFideId "12401226"]
[BlackFideId "12956465"]
[WhiteElo "2615"]
[BlackElo "2328"]
[Result "1-0"]
[Round "1"]
[TimeControl "180+1"]
[Date "2023.08.01"]
[WhiteClock "0:00:10"]
[BlackClock "0:00:06"]
[Board "164"]

1. d4 d5 2. c4 e6 3. Nf3 Nf6 4. Nc3 Be7 5. Bf4 O-O 6. e3 Nbd7 7. Qc2 c5 8. Rd1 b6 9. a3 Bb7 10. cxd5 exd5 11. Bd3 Rc8 12. O-O a6 13. dxc5 bxc5 14. Bf5 d4 15. Ne4 Nxe4 16. Bxe4 Bxe4 17. Qxe4 Nf6 18. Qe5 Nd5 19. exd4 Bf6 20. Qf5 g6 21. Qg4 Nxf4 22. Qxf4 cxd4 23. Rd3 Rc2 24. b4 Qb6 25. Rfd1 Rfc8 26. h4 h5 27. Qe4 Rc1 28. g3 Bg7 29. Ng5 Qf6 30. Rxc1 Rxc1+ 31. Kg2 Rc3 32. Qa8+ Bf8 33. Ne4 Qe5 34. Nxc3 dxc3 35. Qc6 Bg7 36. Rd8+ Kh7 37. Rc8 Qf5 38. Qf3 Qb1 39. Qe2 Qb2 40. Qxa6 c2 41. Qc6 Qxa3 42. Qxc2 Qxb4 43. Rc7 Qd6 44. Rxf7 Qd5+ 45. Rf3 Bf6 46. Qd3 Bg7 47. Qxd5 1-0


[Site "https://www.chess.com"]

[Event "Titled Tuesday Blitz August 1 Early 2023"]
[White "Vifleemskaia, Svetlana"]
[Black "Havlik, Jan"]
[WhiteFideId "4129490"]
[BlackFideId "319783"]
[WhiteElo "2326"]
[BlackElo "2615"]
[Result "1/2-1/2"]
[Round "1"]
[TimeControl "180+1"]
[Date "2023.08.01"]
[WhiteClock "0:00:31"]
[BlackClock "0:02:06"]
[Board "165"]

1. d4 Nf6 2. c4 g6 3. Nc3 Bg7 4. e4 d6 5. Nge2 O-O 6. Ng3 c5 7. d5 e6 8. Be2 exd5 9. cxd5 Na6 10. O-O Nc7 11. a4 a6 12. Bf4 Rb8 13. a5 b5 14. axb6 Rxb6 15. Qd2 Nb5 16. Na4 Rb8 17. e5 dxe5 18. Bxe5 Ne4 19. Qf4 Bxe5 20. Qxe5 Nxg3 21. hxg3 Bb7 22. Bxb5 axb5 23. Nxc5 Qxd5 24. Qxd5 Bxd5 25. Nd7 Bc4 26. Rfe1 Rbd8 27. Nxf8 Kxf8 28. Rad1 Ra8 29. Rd2 h5 30. f3 Ra7 31. Kf2 Kg7 32. Re5 Kf6 33. Re8 Kg7 34. Red8 Kf6 35. R8d6+ Kg7 36. Rd7 Ra1 37. Rd1 Ra2 38. R7d2 Ra7 39. Re1 Kf6 40. g4 hxg4 41. fxg4 Kg5 42. Kg3 Kf6 43. Rf2+ Kg7 44. Re3 Rd7 45. b3 Be6 46. Rf4 Rd5 47. Rb4 Rc5 48. Kf4 Kf6 49. Kf3 Bd5+ 50. Kg3 Be6 51. Kf4 Rd5 52. Kg3 Rc5 53. Kf4 Rd5 54. Kg3 Rc5 1/2-1/2


[Site "https://www.chess.com"]

[Event "Titled Tuesday Blitz August 1 Early 2023"]
[White "Sipila, Vilka"]
[Black "Fajdetic, Hrvoje"]
[WhiteFideId "505455"]
[BlackFideId "14501945"]
[WhiteElo "2614"]
[BlackElo "2323"]
[Result "1-0"]
[Round "1"]
[TimeControl "180+1"]
[Date "2023.08.01"]
[WhiteClock "0:01:37"]
[BlackClock "0:00:14"]
[Board "166"]

1. e4 e6 2. d4 d5 3. e5 c5 4. c3 Nc6 5. Nf3 Bd7 6. Be2 f6 7. O-O fxe5 8. Nxe5 Nf6 9. Bf4 Be7 10. Nd2 cxd4 11. Nxc6 bxc6 12. cxd4 O-O 13. Rc1 Qb6 14. Nb3 Ne4 15. Be5 Bf6 16. Bxf6 Rxf6 17. Bd3 Nd6 18. Nc5 Bc8 19. b3 Nb7 20. Na4 Qc7 21. Qd2 Bd7 22. Rfe1 Raf8 23. f3 Kh8 24. Re5 Rf4 25. Qe3 Qd6 26. Be2 Nd8 27. g3 R4f6 28. Qd2 Nf7 29. Re3 e5 30. Nc5 exd4 31. Qxd4 Bc8 32. f4 Nh6 33. Bd3 Ng4 34. Re2 Bf5 35. Bxf5 Rxf5 36. Re6 Qc7 37. Rce1 Nf6 38. Re7 Qb6 39. b4 a5 40. Rb7 Qd8 41. Ne6 Qc8 42. Rc7 Qb8 43. Rxg7 Ne4 44. Rg8+ Kxg8 45. Qg7# 1-0


[Site "https://www.chess.com"]

[Event "Titled Tuesday Blitz August 1 Early 2023"]
[White "Sawyer, Bradley"]
[Black "Ovchinnikov, Vsevolod"]
[WhiteFideId "2023784"]
[BlackFideId "24176842"]
[WhiteElo "2323"]
[BlackElo "2613"]
[Result "0-1"]
[Round "1"]
[TimeControl "180+1"]
[Date "2023.08.01"]
[WhiteClock "0:00:23"]
[BlackClock "0:00:08"]
[Board "167"]

1. Nf3 Nf6 2. b3 d5 3. Bb2 g6 4. g3 Bg7 5. Bg2 O-O 6. O-O c5 7. e3 b6 8. d4 Nbd7 9. Qe2 Bb7 10. Rd1 Rc8 11. c4 dxc4 12. bxc4 cxd4 13. exd4 e6 14. Na3 a6 15. Rac1 Re8 16. Nc2 Qc7 17. Ne3 Qb8 18. Ba3 Qa8 19. Ne1 Bxg2 20. N1xg2 b5 21. c5 Nb8 22. Nf4 Nc6 23. Qf3 Rcd8 24. Bb2 Nb4 25. Qxa8 Rxa8 26. d5 Nfxd5 27. Nexd5 Nxd5 28. Nxd5 Bxb2 29. Rc2 exd5 30. Rxb2 Re5 31. Rbd2 Rd8 32. c6 Rc8 33. Rxd5 Rxd5 34. Rxd5 Rxc6 35. Rd8+ Kg7 36. Ra8 g5 37. Kg2 Rf6 38. h3 h6 39. Ra7 Kg6 40. f4 gxf4 41. gxf4 Rxf4 42. Rxa6+ Kg5 43. Ra5 Rb4 44. a4 Rxa4 45. Rxb5+ f5 46. Rb8 Ra2+ 47. Kg3 Ra3+ 48. Kg2 Kf4 49. Rb4+ Kg5 50. Rb8 Ra2+ 51. Kg3 f4+ 52. Kf3 Ra3+ 53. Kg2 Rg3+ 54. Kh2 Kf5 55. Rf8+ Ke4 56. Re8+ Kf3 57. Rh8 Rg2+ 58. Kh1 Rg6 59. h4 Kg4 60. Rf8 h5 61. Kh2 Re6 62. Kg1 Re2 63. Kf1 Re3 64. Kf2 Rf3+ 65. Kg2 Rg3+ 66. Kf2 Rf3+ 67. Kg2 Ra3 68. Kf2 Ra2+ 69. Ke1 Kg3 70. Rg8+ Kxh4 71. Kf1 f3 72. Kg1 Kh3 73. Kf1 h4 74. Rg7 Rg2 75. Rf7 Rg3 76. Kf2 Kh2 77. Rf5 h3 78. Rf8 Rg2+ 79. Kf1 f2 80. Rxf2 Kh1 81. Rf8 h2 82. Rh8 Ra2 83. Rg8 Ra1+ 84. Kf2 Rg1 85. Rh8 Rg7 86. Kf1 Rf7+ 87. Ke2 Rf4 88. Rg8 Rf5 89. Ke3 Rf7 90. Ke2 Rf6 91. Ke3 Rf1 92. Ke2 Rg1 93. Rh8 Kg2 94. Rg8+ Kh3 95. Rh8+ Kg3 96. Rg8+ Kf4 97. Rf8+ Ke5 0-1


[Site "https://www.chess.com"]

[Event "Titled Tuesday Blitz August 1 Early 2023"]
[White "Ozates, Tuna"]
[Black "Urquhart, Ed"]
[WhiteFideId "6354521"]
[BlackFideId "2603748"]
[WhiteElo "2610"]
[BlackElo "2322"]
[Result "1-0"]
[Round "1"]
[TimeControl "180+1"]
[Date "2023.08.01"]
[WhiteClock "0:00:04"]
[BlackClock "0:00:16"]
[Board "168"]

1. e4 c5 2. Nf3 e6 3. c3 d5 4. exd5 Qxd5 5. d4 Nc6 6. Na3 Nf6 7. Nb5 Qd8 8. Bf4 Nd5 9. Bg3 a6 10. c4 axb5 11. cxd5 Qxd5 12. Bxb5 Bd7 13. O-O cxd4 14. Bd3 Bd6 15. Re1 Bxg3 16. hxg3 O-O 17. Be4 Qd6 18. Bxh7+ Kxh7 19. Ng5+ Kg6 20. f4 Rh8 21. Qd3+ f5 22. a3 Rh5 23. Qb3 Nd8 24. Rad1 Rxg5 25. fxg5 Kxg5 26. Rd3 Bc6 27. Qc2 Kf6 28. Qd2 e5 29. Rf1 Ne6 30. Qf2 g6 31. g4 Nf4 32. Qh4+ Kg7 33. Rxf4 exf4 34. Rh3 Kf7 35. g5 Rg8 36. Qh7+ Rg7 37. Qh8 Qf8 38. Qh4 Qc5 39. Qxf4 Qd5 40. Qc7+ Ke6 41. Qg3 d3 42. Qe1+ Kd6 43. Qd2 Kc7 44. Rxd3 Qc5+ 45. Kf1 Rd7 46. Qf4+ Kb6 47. Rxd7 Bxd7 48. Qd2 Bb5+ 49. Ke1 Qe5+ 50. Kd1 Qc5 51. Qd8+ Qc7 52. Qd4+ Ka6 53. a4 Bc6 54. b4 Bxa4+ 55. Ke1 Qd7 56. Qc4+ Bb5 57. Qa2+ Kb6 58. Qa5+ Kc6 59. Qa1 Qe6+ 60. Kf2 Qd5 61. Qf6+ Kc7 62. Qe7+ Qd7 63. Qc5+ Qc6 64. Qe7+ Kb6 65. Qe3+ Ka6 66. Qa3+ Kb6 67. Qa5# 1-0


[Site "https://www.chess.com"]

[Event "Titled Tuesday Blitz August 1 Early 2023"]
[White "Jiganchine, Roman"]
[Black "Omorjan, Dejan"]
[WhiteFideId "2603667"]
[BlackFideId "955345"]
[WhiteElo "2321"]
[BlackElo "2606"]
[Result "0-1"]
[Round "1"]
[TimeControl "180+1"]
[Date "2023.08.01"]
[WhiteClock "0:00:00"]
[BlackClock "0:00:08"]
[Board "169"]

1. e4 c6 2. d4 d5 3. exd5 cxd5 4. Nf3 Nc6 5. c4 Nf6 6. Nc3 a6 7. cxd5 Nxd5 8. Qb3 Be6 9. Ng5 Nxd4 10. Qa4+ Nc6 11. Nxe6 fxe6 12. Be2 g6 13. O-O Bg7 14. Qg4 Nd4 15. Be3 Nxc3 16. bxc3 Nxe2+ 17. Qxe2 O-O 18. Rad1 Qc7 19. Bd4 e5 20. Be3 Qxc3 21. Rd7 Qc6 22. Rfd1 Bf6 23. Qg4 Rac8 24. h4 Qc4 25. Qxc4+ Rxc4 26. h5 b5 27. h6 Rfc8 28. Ra7 Ra4 29. Kh2 Rxa2 30. g4 g5 31. Kg2 Kf7 32. Kf3 Ra4 33. Rdd7 Kg6 34. Rdb7 Kxh6 35. Rb6 Kg6 36. Rxe7 Rf8 37. Ree6 Kg7 38. Kg2 Bd8 39. Kg3 Bxb6 40. Rxb6 h6 41. Rb7+ Rf7 42. Rb6 Ra3 43. Kg2 Ra4 44. Rb8 b4 45. Re8 a5 46. Rxe5 Ra3 47. Bd4 Kg6 48. Re6+ Kh7 49. Re4 Rd7 50. Be5 Rad3 51. Rc4 b3 52. Rc8 a4 53. Rh8+ Kg6 54. Rg8+ Kf7 55. Rg7+ Ke6 56. Bg3 Rxg7 0-1


[Site "https://www.chess.com"]

[Event "Titled Tuesday Blitz August 1 Early 2023"]
[White "Piesik, Piotr"]
[Black "Vasques, Antonio Pedro Freixial"]
[WhiteFideId "1136194"]
[BlackFideId "1908332"]
[WhiteElo "2605"]
[BlackElo "2319"]
[Result "1-0"]
[Round "1"]
[TimeControl "180+1"]
[Date "2023.08.01"]
[WhiteClock "0:00:26"]
[BlackClock "0:00:00"]
[Board "170"]

1. Nf3 Nf6 2. g3 g6 3. Bg2 Bg7 4. O-O O-O 5. d4 d5 6. c4 c6 7. Nc3 dxc4 8. a4 Nbd7 9. a5 Rb8 10. Qa4 b5 11. axb6 Nxb6 12. Qxc6 Bb7 13. Qc5 Ne4 14. Qa5 Nxc3 15. bxc3 Nd5 16. Bd2 Bc6 17. Qxa7 Rb2 18. Rfb1 Qb8 19. Qxb8 Rfxb8 20. Rxb2 Rxb2 21. e4 Nf6 22. d5 Bd7 23. Ra8+ Ne8 24. h3 f5 25. e5 Kf8 26. Bf4 Rb1+ 27. Kh2 Bb5 28. Ng5 1-0


[Site "https://www.chess.com"]

[Event "Titled Tuesday Blitz August 1 Early 2023"]
[White "Ardila, Oscar Humberto"]
[Black "musclemonster12"]
[WhiteFideId "4404742"]
[WhiteElo "2310"]
[BlackElo "2605"]
[Result "0-1"]
[Round "1"]
[TimeControl "180+1"]
[Date "2023.08.01"]
[WhiteClock "0:00:21"]
[BlackClock "0:00:53"]
[Board "171"]

1. d4 Nf6 2. Nf3 e6 3. c4 b6 4. e3 Bb7 5. Be2 Bb4+ 6. Bd2 Bxd2+ 7. Nbxd2 O-O 8. O-O d6 9. Qc2 Nbd7 10. b4 Qe7 11. Rfc1 c5 12. bxc5 dxc5 13. a4 cxd4 14. exd4 e5 15. d5 Nc5 16. Nb3 Rac8 17. a5 e4 18. Nfd4 e3 19. f3 Qe5 20. Nxc5 Rxc5 21. Nb3 Rcc8 22. Qd3 Nh5 23. g3 Nxg3 24. hxg3 Qxg3+ 25. Kh1 Qh3+ 26. Kg1 Qg3+ 27. Kh1 Rfd8 28. Nd4 Rd6 29. Nf5 Qh3+ 30. Kg1 Rg6+ 0-1


[Site "https://www.chess.com"]

[Event "Titled Tuesday Blitz August 1 Early 2023"]
[White "vishwa_vijeta"]
[Black "Szente Varga, Fruzsina"]
[BlackFideId "712264"]
[WhiteElo "2603"]
[BlackElo "2310"]
[Result "1-0"]
[Round "1"]
[TimeControl "180+1"]
[Date "2023.08.01"]
[WhiteClock "0:00:34"]
[BlackClock "0:00:00"]
[Board "172"]

1. e4 c5 2. Nf3 Nc6 3. d4 cxd4 4. Nxd4 g6 5. c4 Bg7 6. Be3 Nf6 7. Nc3 O-O 8. Be2 d6 9. O-O Bd7 10. Qd2 Nxd4 11. Bxd4 a5 12. b3 Bc6 13. f3 Nd7 14. Be3 Nc5 15. Rab1 Qb6 16. Rfc1 Rfc8 17. Qd1 Qd8 18. Nd5 h5 19. Qd2 Kh7 20. Nf4 Bh6 21. Kh1 Qd7 22. Nd5 Bxe3 23. Qxe3 Bxd5 24. exd5 Re8 25. g4 hxg4 26. fxg4 e5 27. Rf1 Kg7 28. Rf2 Qe7 29. Rbf1 Rf8 30. g5 Nd7 31. Bg4 f5 32. gxf6+ Nxf6 33. Be6 a4 34. Qg5 axb3 35. axb3 1-0


[Site "https://www.chess.com"]

[Event "Titled Tuesday Blitz August 1 Early 2023"]
[White "Fuzesabonyilaci"]
[Black "Principe, Gerson"]
[BlackFideId "3804550"]
[WhiteElo "2309"]
[BlackElo "2602"]
[Result "0-1"]
[Round "1"]
[TimeControl "180+1"]
[Date "2023.08.01"]
[WhiteClock "0:00:18"]
[BlackClock "0:01:14"]
[Board "173"]

1. d4 Nf6 2. c4 e6 3. Nc3 Bb4 4. Nf3 b6 5. e3 Bb7 6. Bd3 Bxc3+ 7. bxc3 Ne4 8. Qc2 f5 9. O-O O-O 10. Nd2 Nxd2 11. Qxd2 Nc6 12. f3 Na5 13. e4 fxe4 14. fxe4 Rxf1+ 15. Kxf1 Qf6+ 16. Kg1 Rf8 17. Qe2 e5 18. Be3 d6 19. Rf1 Qxf1+ 20. Qxf1 Rxf1+ 21. Kxf1 Ba6 22. dxe5 dxe5 23. Bg5 Bxc4 24. Ke2 Kf7 25. Bxc4+ Nxc4 26. Bd8 c6 27. a4 a5 28. Bc7 b5 29. axb5 cxb5 30. Kd3 Ke6 31. Bb8 a4 32. h3 a3 33. Kc2 a2 0-1


[Site "https://www.chess.com"]

[Event "Titled Tuesday Blitz August 1 Early 2023"]
[White "Krstulovic, Alex"]
[Black "Nord, Alexander"]
[WhiteFideId "760056"]
[BlackFideId "1738135"]
[WhiteElo "2602"]
[BlackElo "2307"]
[Result "1-0"]
[Round "1"]
[TimeControl "180+1"]
[Date "2023.08.01"]
[WhiteClock "0:00:48"]
[BlackClock "0:00:00"]
[Board "174"]

1. Nc3 Nf6 2. g4 Nxg4 3. e4 d6 4. d4 g6 5. f3 Nf6 6. Be3 Bg7 7. Bc4 O-O 8. Qd2 e5 9. O-O-O exd4 10. Bxd4 Nc6 11. Be3 Be6 12. Bb3 Qe7 13. Nge2 Rad8 14. Bg5 Ne5 15. Bxe6 fxe6 16. f4 Nf3 17. Qe3 Nxg5 18. fxg5 Nh5 19. h4 Be5 20. Kb1 Rf7 21. Qxa7 b6 22. Rhf1 Rdf8 23. Rxf7 Rxf7 24. a4 Rf2 25. Nd4 Qf7 26. Qb8+ Kg7 27. Qxc7 Qxc7 28. Nxe6+ Kf7 29. Nxc7 Rh2 30. N7b5 Rxh4 31. Nxd6+ Ke6 32. Nc4 Bxc3 33. bxc3 Rxe4 34. Nxb6 Nf4 35. a5 Re5 36. Nc4 Rc5 37. Ka2 Rxc4 38. Kb3 Rc6 39. Rh1 Rc7 40. c4 Kf5 41. Rg1 1-0


[Site "https://www.chess.com"]

[Event "Titled Tuesday Blitz August 1 Early 2023"]
[White "Levitan, Caleb Levi"]
[Black "Jain Kashish Manoj"]
[WhiteFideId "14332620"]
[BlackFideId "35081098"]
[WhiteElo "2307"]
[BlackElo "2596"]
[Result "0-1"]
[Round "1"]
[TimeControl "180+1"]
[Date "2023.08.01"]
[WhiteClock "0:00:00"]
[BlackClock "0:00:10"]
[Board "175"]

1. e4 c5 2. Nf3 d6 3. d4 cxd4 4. Nxd4 Nf6 5. Nc3 Nc6 6. Bc4 Bd7 7. Bb3 g6 8. O-O Bg7 9. Nxc6 Bxc6 10. Qe2 O-O 11. f4 Nd7 12. Be3 b5 13. Rad1 b4 14. Nd5 a5 15. c3 bxc3 16. bxc3 e6 17. f5 exd5 18. exd5 Bb7 19. Qf2 Ba6 20. c4 a4 21. Bxa4 Bxc4 22. Bxd7 Bxf1 23. Bc6 Ba6 24. Bxa8 Qxa8 25. f6 Bh8 26. Bh6 Re8 27. Qh4 Qa7+ 28. Kh1 Qc5 29. Rg1 Qc3 30. Qa4 Qc8 0-1


[Site "https://www.chess.com"]

[Event "Titled Tuesday Blitz August 1 Early 2023"]
[White "Vaibhav Jayant Raut"]
[Black "Van den Dikkenberg, Erik"]
[WhiteFideId "5089034"]
[BlackFideId "1005880"]
[WhiteElo "2596"]
[BlackElo "2305"]
[Result "1-0"]
[Round "1"]
[TimeControl "180+1"]
[Date "2023.08.01"]
[WhiteClock "0:00:58"]
[BlackClock "0:00:01"]
[Board "176"]

1. Nf3 c5 2. c4 g6 3. h4 Nc6 4. Nc3 Bg7 5. d3 d6 6. h5 e5 7. h6 Bf6 8. Nd5 Be6 9. Nxf6+ Nxf6 10. Bg5 Qa5+ 11. Nd2 Nd7 12. g3 O-O 13. Bg2 f6 14. Be3 Nd4 15. O-O Rab8 16. Ne4 Qc7 17. Bxd4 cxd4 18. b4 a5 19. a3 b6 20. Qd2 axb4 21. axb4 b5 22. cxb5 Rxb5 23. Rfc1 Qb6 24. Rc6 Qxc6 25. Nxf6+ Nxf6 26. Bxc6 Rb6 27. b5 Ng4 28. Qg5 Rbb8 29. Qe7 Bf7 30. Ra7 Nxh6 31. Qxd6 Ng4 32. Bd5 Bxd5 33. Qxd5+ Kh8 34. Qd7 Nf6 35. Qg7# 1-0


[Site "https://www.chess.com"]